 Dungeon Crawl Stone Soup version 0.27.1-2-g3b301248ec (webtiles) character file.

Game seed: 476427998084531995

4893 nxtlvl the Grappler (level 10, -16/144 HPs)
             Began as a Troll Abyssal Knight on Sept 23, 2021.
             Was a Priest of Lugonu.
             Killed from afar by a gargoyle (23 damage)
             ... with a stone arrow
             ... on level 10 of the Dungeon.
             The game lasted 00:20:55 (2500 turns).

nxtlvl the Grappler (Troll Abyssal Knight)          Turns: 2500, Time: 00:20:56

Health: -16/144    AC:  8    Str: 22    XL:     10   Next: 26%
Magic:  0/12       EV: 12    Int:  8    God:    Lugonu [***...]
Gold:   225        SH:  0    Dex: 16    Spells: 7/9 levels left

rFire    . . .     SeeInvis .     - Unarmed
rCold    . . .     Faith    .   (no shield)
rNeg     . . .     Spirit   +   B - +1 robe of Sipowk {rElec rPois}
rPois    +         Reflect  .   (helmet restricted)
rElec    +         Harm     .   c - +2 cloak
rCorr    +         Rampage  .   (gloves unavailable)
Will     .....     NoCast   +   (boots unavailable)
Stlth    ..........             o - amulet "Kadghaju" {Spirit -Cast rElec rCorr Dex+4}
HPRegen  1.34/turn              k - ring of flight
MPRegen  0.13/turn              (no ring)

@: berserking, flying, very quick
A: large, unfitting armour, claws 3, regeneration 1, shaggy fur 1, tough skin 1
a: Renounce Religion, Depart the Abyss, Bend Space, Banish


You were on level 10 of the Dungeon.
You worshipped Lugonu.
Lugonu was most pleased with you.
You visited 1 branch of the dungeon, and saw 10 of its levels.
You visited the Abyss 1 time.

You collected 225 gold pieces.

Inventory:

Hand Weapons
 b - a +1 hunting sling of flaming
Missiles
 r - 6 datura-tipped darts
 v - 35 sling bullets
 x - 8 poisoned darts
Armour
 a - +0 steam dragon scales
 c - a +2 cloak (worn)
 A - a +1 robe of willpower
 B - the +1 robe of Sipowk (worn) {rElec rPois}
   (You found it on level 9 of the Dungeon)

   rElec:     It insulates you from electricity.
   rPois:     It protects you from poison.
Jewellery
 k - a ring of flight (left claw)
 o - the amulet "Kadghaju" (around neck) {Spirit -Cast rElec rCorr Dex+4}
   (You found it on level 4 of the Dungeon)

   [amulet of guardian spirit]

   It causes incoming damage to be divided between your reserves of health and
   magic.
   Dex:       It affects your dexterity (+4).
   rElec:     It insulates you from electricity.
   -Cast:     It prevents spellcasting.
   rCorr:     It protects you from acid and corrosion.
Wands
 e - a wand of mindburst (7)
 g - a wand of flame (29)
 y - a wand of digging (4)
 C - a wand of polymorph (7)
Scrolls
 f - 2 scrolls of teleportation
 h - a scroll of acquirement {unknown}
 i - 2 scrolls of vulnerability {unknown}
 j - a scroll of torment {unknown}
 p - a scroll of fear {unknown}
 t - a scroll of fog {unknown}
Potions
 d - 2 potions of curing
 m - a potion of lignification {unknown}
 n - a potion of flight {unknown}
 q - 2 potions of degeneration {unknown}
 s - a potion of mutation {unknown}
 w - a potion of brilliance {unknown}
 z - a potion of haste {unknown}


   Skills:
 + Level 5.1 Fighting
 + Level 5.5 Dodging
 * Level 11.4 Unarmed Combat
 - Level 1.1 Transmutations
 + Level 5.1 Invocations


You had 7 spell levels left.
You knew the following spells:

 Your Spells              Type           Power      Damage    Failure   Level
a - Wereblood             Tmut           1%         N/A       38%         2

Your spell library contained the following spells:

 Spells                   Type           Power      Damage    Failure   Level
 Pain                     Necr           0%         1d4       41%         1
 Sublimation of Blood     Necr           0%         N/A       54%         2
 Agony                    Necr           0%         N/A       100%        5
 Excruciating Wounds      Necr           0%         N/A       100%        5
 Summon Hydra             Summ           0%         N/A       100%        7


Dungeon Overview and Level Annotations

Branches:
Dungeon (10/15)
 Temple: D:4-7         Lair: D:8-11         Orc: D:9-12

Altars:
Hepliaklqana


Innate Abilities, Weirdness & Mutations

You are too large for most types of armour.
You have claws for hands.
Your natural rate of healing is unusually fast.
You are covered in fur. (AC +1)
You have tough skin. (AC +1)


Message History

A gargoyle comes into view. It is wielding a +0 flail.
The centaur shouts!
The centaur wields a +0 shortbow.
The centaur shoots an arrow.
The arrow hits you but does no damage.
The centaur shoots an arrow.
The arrow hits you!
Found a stone staircase leading down.
The gargoyle hurls a stone arrow at you.
The stone arrow misses you.
The centaur shoots an arrow.
The arrow hits you!
The centaur unwields a +0 shortbow.
The centaur closely misses you. x2
The gargoyle hurls a stone arrow at you.
The stone arrow hits you!
Found a leather armour.
The centaur barely misses you. The centaur kicks you.
The centaur barely misses you.
The centaur kicks you but does no damage.
You claw the centaur!
The centaur is heavily wounded.
The centaur closely misses you.
The centaur kicks you but does no damage.
You claw the centaur!
You kill the centaur!
Lugonu accepts your kill.
The gargoyle hurls a stone arrow at you.
The stone arrow hits you!!
* * * LOW HITPOINT WARNING * * *
A red film seems to cover your vision as you go berserk!
You feel yourself moving faster!
You feel mighty!
You scratch the gargoyle but do no damage.
You barely miss the gargoyle. The gargoyle closely misses you.
You barely miss the gargoyle. You closely miss the gargoyle.
The gargoyle hurls a stone arrow at you.
The stone arrow hits you!
* * * LOW HITPOINT WARNING * * *
You claw the gargoyle! You claw the gargoyle.
The gargoyle is heavily damaged.
You claw the gargoyle!
The gargoyle is almost destroyed.
The gargoyle hurls a stone arrow at you.
The stone arrow hits you!!
You die...

......#.#
.....##.######..
...............#
.....###.#######
########.###### #
#..........###+###.#
##..................#
.....................#
###............@.....#
#............9.....#
#..................#
#.....####.).........
#.....# #####.......
####### ....>..
....... [...... .....


You could see a gargoyle.

Vanquished Creatures
  A two-headed ogre (D:9)
  Erica (D:9)
  Maggie (D:6)
  Sigmund (D:3)
  A shadow (D:10)
  5 yaks (D:9)
  A wyvern (D:7)
  A steam dragon (D:8)
  Duvessa (D:5)
  A water moccasin (D:8)
  2 sky beasts
  An orc warrior (D:9)
  3 ice beasts
  2 centaurs
  2 ogres
  3 kobold brigands
  A phantom (D:7)
  A scorpion (D:6)
  Dowan (D:5)
  3 killer bees (D:9)
  A howler monkey (D:8)
  A hound (D:4)
  Crazy Yiuf (D:5)
  2 orc priests (D:9)
  4 iguanas
  3 orc wizards
  2 howler monkey zombies
  Robin (D:3)
  3 adders
  A white imp (D:7)
  9 orcs
  3 ball pythons
  7 endoplasms
  A giant cockroach (D:2)
  13 goblins
  3 hobgoblins
  4 jackals (D:2)
  20 kobolds
  4 rats
116 creatures vanquished.

Notes
Turn   | Place    | Note
-------+----------+-------------------------------------------
     0 | Abyss:1  | nxtlvl the Troll Abyssal Knight began the quest for the
                  | Orb.
     0 | Abyss:1  | Reached XP level 1. HP: 22/22 MP: 1/1
    86 | D:1      | Escaped the Abyss
   215 | D:1      | Reached XP level 2. HP: 29/29 MP: 2/2
   254 | D:2      | Reached skill level 3 in Unarmed Combat
   297 | D:3      | Noticed Robin
   305 | D:3      | Reached XP level 3. HP: 33/36 MP: 3/3
   313 | D:3      | Killed Robin
   323 | D:3      | Reached ** piety under Lugonu
   337 | D:3      | Learned a level 2 spell: Wereblood
   369 | D:2      | Reached skill level 4 in Unarmed Combat
   435 | D:3      | Noticed Sigmund
   449 | D:3      | Killed Sigmund
   450 | D:3      | Reached skill level 6 in Unarmed Combat
   450 | D:3      | Reached XP level 4. HP: 35/44 MP: 4/4
   450 | D:3      | Reached XP level 5. HP: 40/50 MP: 5/5
   505 | D:4      | Reached XP level 6. HP: 59/59 MP: 6/6
   508 | D:4      | Reached skill level 1 in Transmutations
   513 | D:4      | Identified the amulet "Kadghaju" {Spirit -Cast rElec rCorr
                  | Dex+4}
   783 | D:5      | Entered Level 5 of the Dungeon
   797 | D:5      | Noticed Duvessa
   799 | D:5      | Noticed Dowan
   801 | D:5      | Reached skill level 7 in Unarmed Combat
   810 | D:5      | Killed Duvessa
   811 | D:5      | Reached XP level 7. HP: 28/66 MP: 2/7
   813 | D:5      | Killed Dowan
   838 | D:5      | Reached skill level 8 in Unarmed Combat
   914 | D:5      | Identified the +0 leather armour "Foira" {rF+ SInv}
   964 | D:5      | Found a runed translucent door.
   965 | D:5      | Noticed Crazy Yiuf
   971 | D:5      | Killed Crazy Yiuf
  1047 | D:6      | Noticed Maggie
  1055 | D:7      | Noticed a wyvern
  1063 | D:7      | Killed a wyvern
  1171 | D:7      | Reached XP level 8. HP: 74/74 MP: 8/8
  1262 | D:6      | Killed Maggie
  1263 | D:6      | Reached skill level 9 in Unarmed Combat
  1632 | D:7      | Reached XP level 9. HP: 83/83 MP: 10/10
  1632 | D:7      | Reached *** piety under Lugonu
  1863 | D:8      | Reached skill level 10 in Unarmed Combat
  2112 | D:9      | Noticed Erica
  2132 | D:9      | Killed Erica
  2198 | D:9      | Reached skill level 5 in Dodging
  2204 | D:9      | Reached skill level 11 in Unarmed Combat
  2218 | D:10     | Entered Level 10 of the Dungeon
  2253 | D:9      | Identified the +1 robe of Sipowk {rElec rPois}
  2328 | D:9      | Noticed a two-headed ogre
  2337 | D:9      | Killed a two-headed ogre
  2338 | D:9      | Reached XP level 10. HP: 57/94 MP: 7/12
  2347 | D:9      | Found a hazy altar of Hepliaklqana.
  2412 | D:9      | Reached skill level 5 in Fighting
  2412 | D:9      | Reached skill level 5 in Invocations
  2487 | D:10     | Noticed a gargoyle
  2498 | D:10     | HP: 6/144 [gargoyle/stone arrow (8)]
  2500 | D:10     | Killed from afar by a gargoyle

Illustrated notes

Levels and vault maps discovered:
D:1:      minmay_arrival_widening_spiral_wide, layout_basic, minmay_box_of_dots
D:2:      layout_rooms, basic_ecumenical_altar
D:3:      layout_loops_ring, uniq_robin, uniq_sigmund
D:4:      wad_lake_hut, layout_rooms, eino_tiny_chamber, minmay_starry_boxes
D:5:      layout_loops_ring, uniq_crazy_yiuf_cottage, uniq_duvessa
D:6:      layout_loops_cross, minmay_temple_entry_glass,
          hangedman_decor_slide_cut, uniq_grinder, uniq_eustachio, uniq_maggie,
          uniq_menkaure
D:7:      layout_loops_corners, chequers_serial_rivers_micro_b,
          minmay_misc_feat_encased
D:8:      layout_gridville, chequers_decorated_corner, minmay_between
D:9:      layout_long_grid, nzn_hepliaklqana_mist_gate, uniq_erica, uniq_joseph
D:10:     layout_basic, ebering_ghost_reflecting_pool, uniq_grum

Skill      XL: |  1  2  3  4  5  6  7  8  9 10 |
---------------+-------------------------------+-----
Unarmed Combat | 3 6 7 8 9 11 | 11.4
Transmutations | 1 |  1.1
Dodging        | 3 4 5 |  5.5
Invocations    | 3 4 5 |  5.1
Fighting       | 3 4 5 |  5.1

Action                   |  1- 3 |  4- 6 |  7- 9 | 10-12 || total
-------------------------+-------+-------+-------+-------++-------
Melee: Unarmed           |    91 |    49 |   203 |    42 ||   385
       Punch             |     3 |     2 |    11 |     1 ||    17
 Fire: Hunting sling     |       |       |     2 |       ||     2
  Use: Scroll            |     2 |       |     2 |       ||     4
       Potion            |       |       |     1 |     1 ||     2
 Stab: Sleeping          |     1 |       |       |       ||     1
Armor: Robe              |    26 |     2 |    11 |    12 ||    51
       Steam dragon scal |       |       |    27 |       ||    27
Dodge: Dodged            |    46 |    26 |    65 |    27 ||   164
